 Dungeon Crawl Stone Soup version 0.30-a0-12-gd8047c6341 (webtiles) character file.

Game seed: 15517853649652492253

40 Newt the Trooper (level 3, -1/29 HPs)
             Began as a Demonspawn Gladiator on Aug 23, 2022.
             Killed by nerve-wracking pain
             ... invoked by Jessica
              (6 damage)
             ... on level 2 of the Dungeon.
             The game lasted 00:03:02 (1388 turns).

Newt the Trooper (Demonspawn Gladiator)             Turns: 1388, Time: 00:03:03

Health: -1/29      AC:  7    Str: 16    XL:     3   Next: 30%
Magic:  3/3        EV: 12    Int:  9    God:
Gold:   226        SH:  0    Dex: 14    Spells: 2/2 levels left

rFire   . . .      SeeInvis .    o - +3 short sword
rCold   . . .      Faith    .    (no shield)
rNeg    . . .      Spirit   .    b - +0 leather armour
rPois   .          Reflect  .    c - +1 helmet
rElec   .          Harm     .    (no cloak)
rCorr   .          Rampage  .    (no gloves)
Will    +....                    (no boots)
Stlth   ++........               (no amulet)
HPRegen 0.09/turn                m - ring of willpower
MPRegen 0.08/turn                (no ring)

@: no status effects
A: hooves 1, yellow scales 1
a: no special abilities


You were on level 2 of the Dungeon.
You visited 1 branch of the dungeon, and saw 2 of its levels.

You collected 226 gold pieces.

Inventory:

Hand Weapons
 a - a +0 rapier
 o - a +3 short sword (weapon)
Missiles
 d - 2 throwing nets (quivered)
 e - a javelin
 i - 13 stones
Armour
 b - a +0 leather armour (worn)
 c - a +1 helmet (worn)
 n - a +0 ring mail
Jewellery
 m - a ring of willpower (left hand)
Wands
 j - a wand of iceblast (8)
 l - a wand of charming (8)
Scrolls
 g - a scroll of identify
Potions
 f - 2 potions of curing
 h - a potion of mutation {unknown}
 k - a potion of flight {unknown}
 p - a potion of attraction {unknown}


   Skills:
 + Level 3.0 Fighting
 - Level 2.6 Short Blades
 - Level 1.7 Throwing
 - Level 2.6 Dodging
 - Level 2.0 Stealth


You had 2 spell levels left.
You didn't know any spells.
Your spell library was empty.

Dungeon Overview and Level Annotations

Branches:
Dungeon (2/15)

Altars:

Annotations:
D:2 Jessica


Innate Abilities, Weirdness & Mutations

You have large cloven feet.
You are partially covered in yellow scales. (AC +2)


Message History

You miss the kobold.
The kobold is heavily wounded.
The kobold hits you with a +0 short sword.
You hit the kobold.
You kill the kobold!
No target in view!
You see here a +0 short sword.
You now have 226 gold pieces (gained 16).
p - a lumpy grey potion Jessica the Apprentice Sorceress comes into view.
She is wielding a +6 dagger of pain.
Jessica is nearby!
Jessica shouts!
Jessica mumbles some strange words.
Jessica seems to speed up.
You barely miss Jessica.
Jessica mumbles some strange words.
Jessica blinks!
No target in view!
Jessica points at you and mumbles some strange words.
Pain shoots through your body! Jessica gestures at you while chanting.
You resist with significant effort.
You hit Jessica.
Jessica is moderately wounded.
Jessica barely misses you.
Jessica hits you with a +6 dagger of pain.
You hit Jessica. You kick Jessica.
Jessica is almost dead.
Jessica hits you with a +6 dagger of pain.
* * * LOW HITPOINT WARNING * * *
Unknown command.
Throw: 3 throwing nets
Press: ? - help, Q - select action, (/) - cycle Shift-Dir - straight line, f - Jessica
Aim: Jessica, wielding a +6 dagger of pain and wearing a +0 robe (almost dead, fast, 59% to hit)
You throw a throwing net.
The throwing net closely misses Jessica.
Jessica hits you but does no damage. Jessica casts a spell at you.
Pain shoots through your body!
You die...

###..#
#....#
##...##
#.##.#
...###
#.##.##
####
#.##..#
#.###.#
#. #.# #.
#.# #.
#.# #@#
#....@..#
#.......#
#......(#
#########


You could see Jessica (fast).

Vanquished Creatures
  An adder (D:2)
  3 ball pythons (D:1)
  4 endoplasms (D:1)
  A giant cockroach (D:2)
  5 goblins (D:1)
  2 hobgoblins (D:1)
  A quokka (D:1)
  4 bats (D:1)
  A frilled lizard (D:2)
  3 kobolds
  5 rats
30 creatures vanquished.

Notes
Turn   | Place    | Note
-------+----------+-------------------------------------------
     0 | D:1      | Newt the Demonspawn Gladiator began the quest for the Orb.
     0 | D:1      | Reached XP level 1. HP: 16/16 MP: 1/1
    35 | D:1      | Reached skill level 1 in Stealth
   295 | D:1      | Gained mutation: You have large cloven feet. [demonic
                  | ancestry]
   295 | D:1      | Reached XP level 2. HP: 22/22 MP: 2/2
  1017 | D:2      | Gained mutation: You are partially covered in yellow
                  | scales. (AC +2) [demonic ancestry]
  1017 | D:2      | Reached XP level 3. HP: 25/28 MP: 3/3
  1084 | D:2      | Reached skill level 3 in Fighting
  1376 | D:2      | Noticed Jessica
  1388 | D:2      | Killed from afar by Jessica

Illustrated notes

Levels and vault maps discovered:
D:1:      grunt_arrival_lava_bath, layout_basic, minmay_pentomino_p4
D:2:      layout_rooms, uniq_jessica

Skill      XL: |  1  2  3 |
---------------+----------+-----
Stealth        | 1 2 |  2.0
Fighting       | 3 |  3.0
Short Blades   | |  2.6
Throwing       | |  1.7
Dodging        | |  2.6

Action                   || total
-------------------------++-------
Melee: Rapier            ||    75
       Kick              ||    13
       Punch             ||     1
       Short sword       ||     8
Throw: Throwing net      ||     1
  Use: Scroll            ||     3
 Stab: Sleeping          ||     2
       Distracted        ||     1
Armor: Leather armour    ||    36
Dodge: Dodged            ||    61

Table legend: (Time is in decaauts)
 A = Elapsed time spent in this place.
 B = Non-inter-level travel time spent in this place.
 C = Inter-level travel time spent in this place.
 D = Time resting spent in this place.
 E = Time spent auto-exploring this place.
 F = Levels seen in this place.
 G = Mean time per level.
                   A        B        C        D        E       F      G
               +--------+--------+--------+--------+--------+-----+--------+
         Total |   1392 |   1305 |     87 |     92 |    843 |   2 |  696.0 |
       Dungeon |   1392 |   1305 |     87 |     92 |    843 |   2 |  696.0 |
               +--------+--------+--------+--------+--------+-----+--------+

Top non-repeatable levels by time:
     D:1: 1012 daAuts
     D:2: 379 daAuts
